 Dungeon Crawl Stone Soup version 0.23-a0-808-gd21de94 (webtiles) character file.

14571 Inarius the Unseen (level 11, -7/57 HPs)
             Began as a Felid Berserker on Jan 20, 2019.
             Was a High Priest of Trog.
             Mangled by a fire dragon (17 damage)
             ... on level 9 of the Dungeon.
             The game lasted 00:56:51 (24961 turns).

Inarius the Unseen (Felid Berserker)               Turns: 24961, Time: 00:56:52

Health: -7/57      AC:  5    Str: 17    XL:     11   Next: 90%
Magic:  19/19      EV: 29    Int:  9    God:    Trog [*****.]
Gold:   1216       SH:  0    Dex: 21    Spells: 10/10 levels left
                                        Lives:  0   Deaths: 3

rFire    . . .     SeeInvis +     - Unarmed
rCold    + . .     Gourm    .   (shield unavailable)
rNeg     . . .     Faith    .   (armour unavailable)
rPois    .         Spirit   .   (helmet unavailable)
rElec    .         Reflect  .   (cloak unavailable)
rCorr    .         Harm     .   (gloves unavailable)
MR       +....                  (boots unavailable)
Stlth    ++++++++..             O - amulet of regeneration
HPRegen  0.59/turn              d - +5 ring of dexterity
MPRegen  0.16/turn              v - ring of stealth

@: studying Fighting, quick
A: very small, no armour, no weapons or thrown items, stealth, claws 1, fangs 3,
yellow scales 1, see invisible, carnivore, speed 1, shaggy fur 3, slow
metabolism 1, sharp paws
a: Berserk, Trog's Hand, Brothers in Arms, Renounce Religion


You were on level 9 of the Dungeon.
You worshipped Trog.
Trog was extremely pleased with you.
You were not hungry.

You visited 2 branches of the dungeon, and saw 18 of its levels.
You also visited: Gauntlet.

You collected 1216 gold pieces.

Inventory:

Jewellery
 d - a +5 ring of dexterity (left paw)
 q - an uncursed ring of flight
 s - an uncursed ring of ice
 v - a ring of stealth (right paw)
 y - an uncursed ring of stealth
 A - the amulet of Tieh Xick {+Rage rElec rC+}
   (You acquired it on level 6 of the Lair of Beasts)

   [amulet of rage]

   It protects you from cold.
   It insulates you from electricity.
   It lets you go berserk.
 C - the necklace of Bloodlust {*Rage +Rage MR++ Int-3 Slay+6 *Curse}
   (You acquired it on level 6 of the Lair of Beasts)

   [amulet of rage]

   It affects your intelligence (-3).
   It affects your accuracy and damage with ranged weapons and melee attacks
   (+6).
   It affects your resistance to hostile enchantments.
   It lets you go berserk.
   It may make you go berserk in combat.
   It curses itself when equipped.
 E - an uncursed ring of resist corrosion
 O - an amulet of regeneration (around neck)
Wands
 k - a wand of flame (5)
 p - a wand of digging (12)
 r - a wand of polymorph (5)
 F - a wand of random effects (7)
 H - a wand of iceblast (12)
 P - a wand of acid (8)
Scrolls
 c - a scroll of teleportation
 g - 2 scrolls of fear
 h - 5 scrolls of fog
 i - 16 scrolls of remove curse
 l - 4 scrolls of magic mapping
 n - 7 scrolls of immolation
 K - 3 scrolls of summoning {unknown}
Potions
 b - 8 potions of invisibility
 e - 2 potions of mutation
 j - 2 potions of brilliance
 m - 2 potions of agility
 o - 6 potions of curing
 u - 3 potions of might {unknown}
 w - 2 potions of ambrosia
 x - 3 potions of lignification
 z - a potion of cancellation {unknown}
 B - 4 potions of flight
 G - 3 potions of heal wounds {unknown}
 I - a potion of haste
 J - a potion of resistance {unknown}
 L - 2 potions of magic {unknown}
Books
 M - a manual of Fighting
Miscellaneous
 t - a phantom mirror
 D - a sack of spiders
 N - a lightning rod (4/4)
Comestibles
 a - 35 rations


   Skills:
 * Level 11.6 Fighting
 + Level 11.6 Dodging
 + Level 16.4 Stealth
 + Level 14.8 Unarmed Combat
 * Level 10.4 Evocations


You had 10 spell levels left.
You didn't know any spells.
Your spell library contained the following spells:

 Spells                   Type           Power        Failure   Level  Hunger
 Irradiate                Conj/Tmut      #.........   100%        5    ######.
 Hydra Form               Tmut           #.........   100%        6    #######
 Statue Form              Tmut/Erth      #........    100%        6    #######
 Dragon Form              Tmut           #.........   100%        7    #######


Dungeon Overview and Level Annotations

Branches:
Dungeon (12/15)            Temple (0/1) D:5            Lair (6/6) D:11
 Shoals (0/4) Lair:3       Spider (0/4) Lair:2        Slime (0/5) Lair:6
    Orc (0/2) D:10

Altars:
Ashenzari
Elyvilon
Fedhas
Makhleb
Nemelex Xobeh
Okawaru
Ru
Sif Muna
Trog
Vehumet
Zin
The Shining One

Annotations:
D:4 2 transporters, Killmatronix's ghost, amateur BaFi
D:9 1 runed door, 2 transporters
D:12 Nessos
Lair:2 1 runed door, Tovarisch's ghost, journeyman VSAs
Lair:6 exclusion: oklob plant


Innate Abilities, Weirdness & Mutations

You cannot wear armour.
You are incapable of wielding weapons or throwing items.
Your paws allow you to move quietly. (Stealth)
You have sharp claws.
You have razor-sharp teeth.
You have supernaturally acute eyesight. (SInv)
You are carnivorous and can eat meat at any time.
You cover ground quickly.
Your thick and shaggy fur keeps you warm. (AC +3, rC+)
You have a slow metabolism.
Your sharp claws are effective at attacking unaware monsters.
You are partially covered in yellow scales. (AC +2)


Message History

No target in view!
No target in view!
No target in view!
The fire dragon completely misses you. The fire dragon misses you.
The fire dragon tramples you!
You stumble backwards!
You barely miss the fire dragon.
You bite the fire dragon, but do no damage.
The fire dragon breathes flames at you. The blast of flame misses you.
You hear a deafening roar!
You scratch the fire dragon but do no damage.
The fire dragon breathes flames at you. The blast of flame hits you!
The fire dragon completely misses you. The fire dragon claws you!
The fire dragon completely misses you. The fire dragon bites you!
* * * LOW HITPOINT WARNING * * *
The fire dragon completely misses you. x2
The fire dragon bites you!
You die...

#.#####.#.#.<#.# #.# #.#
##.......####.######### ###.###
####[................### #.....#
#[#######............ #.#.#.##
#[# #########.### #(#....#### #[#
#.# # #.###...(.###.# #.# #
#......##..#..#### ##.###
#####...........@# #..)..
#..####'####D# ###.....
##.#≈≈#....#.#########.....).
#.#≈≈#..⌠.#.................
#.####....#...##........(...
#.#...[...#...##..#####.<...
######.#....####...........#.....
#......#.⌠..#≈§#.......###.#####.
#.####.#[...#§≈#.......# #.# #.


You could see a fire dragon.

Vanquished Creatures
  A minotaur (Gauntlet)
  7 hydras
  4 two-headed ogres
  A ghost crab (Gauntlet)
  A catoblepas (Lair:6)
  A slime creature (D:12)
  Sonja (Lair:1)
  A sixfirhy (Gauntlet)
  2 lindwurms (Lair:6)
  A wizard (Gauntlet)
  2 ugly things (D:11)
  A manticore (Lair:6)
  A deep elf mage (D:12)
  An oklob plant (Lair:5)
  A cyclops (D:11)
  3 elephants (Lair:6)
  A merfolk siren (Lair:3)
  4 black mambas
  4 spiny frogs (Lair:6)
  4 rime drakes
  10 komodo dragons
  A troll (D:11)
  A hornet (D:11)
  29 blink frogs
  12 dream sheep
  10 hippogriffs
  Sigmund (D:5)
  A spriggan (D:7)
  2 shadows (D:11)
  A wyvern (D:8)
  2 wraiths
  31 yaks
  8 basilisks
  Eustachio (D:5)
  A hungry ghost (D:8)
  Menkaure (D:5)
  An acid dragon (D:12)
  19 water moccasins
  2 hornet zombies
  13 porcupines
  5 ice beasts
  3 sky beasts
  An orc warrior (D:10)
  An eye of draining (D:9)
  A black bear (D:8)
  2 phantoms
  2 wolves (Lair:1)
  8 ogres
  6 centaurs
  8 crocodiles
  A wyvern zombie (D:12)
  17 bullfrogs
  2 gnoll sergeants
  3 scorpions
  9 killer bees (D:11)
  28 wights
  5 howler monkeys
  An electric eel (Lair:3)
  A bullfrog zombie (D:11)
  7 crimson imps
  2 quasits
  5 orc priests
  2 centaur zombies (D:11)
  5 hounds
  7 orc wizards
  A centaur skeleton (D:8)
  2 jellies
  A bullfrog skeleton (D:12)
  9 iguanas
  7 worker ants
  A hound zombie (D:9)
  A hound skeleton (D:9)
  2 worker ant zombies
  12 gnolls
  2 river rats (Lair:3)
  9 adders
  A howler monkey skeleton (D:6)
  A shadow imp (D:6)
  3 white imps (Gauntlet)
  4 ufetubi (Gauntlet)
  An adder zombie (D:8)
  4 adder skeletons
  A worm (D:2)
  5 dart slugs
  5 leopard geckos
  35 orcs
  5 bats
  21 giant cockroaches
  12 goblins
  10 hobgoblins
  15 jackals
  6 kobolds
  4 quokkas
  5 ball pythons
  5 frilled lizards
  A jackal skeleton (D:6)
  A jackal zombie (D:6)
  A leopard gecko skeleton (D:4)
  10 rats
  2 plants
526 creatures vanquished.

Vanquished Creatures (collateral kills)
  4 hydras
  A snapping turtle (Lair:6)
  A water moccasin (Lair:2)
  A crocodile (Lair:4)
7 creatures vanquished.

Vanquished Creatures (others)
  A demonic plant (Gauntlet)
  7 fungi
  2 plants
10 creatures vanquished.

Grand Total: 543 creatures vanquished

Notes
Turn   | Place    | Note
-------+----------+-------------------------------------------
     0 | D:1      | Inarius the Felid Berserker began the quest for the Orb.
     0 | D:1      | Reached XP level 1. HP: 10/10 MP: 2/2
   282 | D:1      | Reached XP level 2. HP: 14/14 MP: 3/3
   295 | D:1      | Reached skill level 1 in Stealth
   572 | D:1      | Reached ** piety under Trog
   656 | D:1      | Reached XP level 3. HP: 13/17 MP: 4/4
  1123 | D:1      | Reached skill level 2 in Stealth
  1738 | D:2      | Found an iron altar of Okawaru.
  1826 | D:2      | Reached XP level 4. HP: 13/21 MP: 5/5
  2116 | D:2      | Reached skill level 3 in Stealth
  2578 | D:3      | Found a white marble altar of Elyvilon.
  2644 | D:3      | Reached *** piety under Trog
  3149 | D:3      | Reached skill level 4 in Stealth
  3149 | D:3      | Reached XP level 5. HP: 13/24 MP: 6/6
  3336 | D:2      | Found a glowing silver altar of Zin.
  3811 | D:3      | Found a sacrificial altar of Ru.
  4221 | D:4      | Found a transporter.
  4228 | D:4      | Found a transporter.
  4232 | D:4      | Noticed Killmatronix's ghost (amateur BaFi)
  4310 | D:4      | Noticed an ogre
  4321 | D:4      | Killed an ogre
  4321 | D:4      | Reached skill level 5 in Dodging
  4321 | D:4      | Reached skill level 5 in Stealth
  4321 | D:4      | Reached skill level 5 in Unarmed Combat
  4321 | D:4      | Gained mutation: You are covered in thick fur. (AC +2)
                  | [Felid growth]
  4321 | D:4      | Reached XP level 6. HP: 28/28 MP: 7/7
  4595 | D:5      | Entered Level 5 of the Dungeon
  4612 | D:5      | Reached skill level 6 in Stealth
  4623 | D:5      | Reached **** piety under Trog
  4724 | D:5      | Found a radiant altar of Vehumet.
  4750 | D:5      | Reached XP level 7. HP: 31/31 MP: 8/8
  4782 | D:5      | Reached skill level 7 in Stealth
  4869 | D:5      | Found a staircase to the Ecumenical Temple.
  4882 | D:5      | Found a sparkling altar of Nemelex Xobeh.
  4884 | D:5      | Found a blossoming altar of Fedhas.
  4909 | D:5      | Noticed Sigmund
  4915 | D:5      | Killed Sigmund
  4915 | D:5      | Reached skill level 1 in Evocations
  4948 | D:5      | Reached skill level 8 in Stealth
  5141 | D:5      | Noticed Menkaure
  5149 | D:5      | Killed Menkaure
  5149 | D:5      | Reached XP level 8. HP: 23/34 MP: 10/10
  5639 | D:5      | Noticed Eustachio
  5644 | D:5      | Killed Eustachio
  6129 | D:6      | Reached skill level 9 in Stealth
  7140 | D:7      | Reached XP level 9. HP: 30/39 MP: 12/12
  7658 | D:7      | Found a shattered altar of Ashenzari.
  8027 | D:8      | Reached skill level 10 in Stealth
  8122 | D:8      | Reached skill level 5 in Fighting
  8413 | D:8      | Reached skill level 5 in Evocations
  8548 | D:8      | Found a bloodstained altar of Trog.
  8740 | D:8      | Noticed a two-headed ogre
  8769 | D:8      | Killed a two-headed ogre
  8769 | D:8      | Reached XP level 10. HP: 45/45 MP: 15/15
  8799 | D:8      | Found an iron altar of Okawaru.
  8981 | D:8      | Found a glowing golden altar of the Shining One.
  9060 | D:8      | You fall through a shaft!
  9061 | D:9      | Noticed a fire dragon
  9063 | D:9      | Noticed a fire dragon
  9064 | D:9      | Found the +2 shield of Resistance {rF+ rC+ MR+}
  9488 | D:9      | Reached skill level 11 in Stealth
  9548 | D:9      | Found a runed door.
  9557 | D:9      | Noticed an ice dragon
  9599 | D:9      | Found a runed door.
  9599 | D:9      | Noticed an ice dragon
  9622 | D:9      | Reached ***** piety under Trog
  9738 | D:9      | Found a deep blue altar of Sif Muna.
  9751 | D:9      | Found a transporter.
  9788 | D:9      | Found a transporter.
  9802 | D:9      | Noticed a two-headed ogre
  9803 | D:9      | Noticed a yaktaur captain
  9804 | D:9      | Found a burning altar of Makhleb.
 10190 | D:9      | Reached skill level 10 in Unarmed Combat
 10230 | D:10     | Entered Level 10 of the Dungeon
 10355 | D:10     | Found a staircase to the Orcish Mines.
 10508 | D:10     | Noticed a two-headed ogre
 10552 | D:10     | Killed a two-headed ogre
 10552 | D:10     | Reached skill level 12 in Stealth
 10759 | D:10     | Reached XP level 11. HP: 43/49 MP: 17/17
 10810 | D:10     | Noticed a two-headed ogre
 10826 | D:10     | Killed a two-headed ogre
 11118 | D:10     | Noticed an eight-headed hydra
 11124 | D:10     | Killed an eight-headed hydra
 12158 | D:11     | Noticed a purple ugly thing
 12184 | D:11     | Killed a purple ugly thing
 12289 | D:11     | Noticed a white ugly thing
 12297 | D:11     | Killed a white ugly thing
 12337 | D:11     | Found a staircase to the Lair.
 13444 | D:11     | Reached skill level 13 in Stealth
 13979 | D:11     | Noticed a two-headed ogre
 13987 | D:11     | Killed a two-headed ogre
 14211 | D:11     | Gained mutation: Your thick and shaggy fur keeps you warm.
                  | (AC +3, rC+) [Felid growth]
 14211 | D:11     | Reached XP level 12. HP: 46/55 MP: 19/19
 14584 | D:12     | Noticed a seven-headed hydra
 14586 | D:12     | Killed a seven-headed hydra
 14967 | D:12     | Noticed Nessos
 14975 | D:12     | HP: 2/56 [Nessos/arrow (24)]
 14976 | D:12     | Shot with an arrow by Nessos
 14977 | D:12     | Reached XP level 11. HP: -8/52 MP: 18/18
 15223 | D:12     | HP: 2/78 [very large slime creature (35)]
 15606 | Lair:1   | Entered Level 1 of the Lair of Beasts
 15618 | Lair:1   | Noticed Sonja
 15639 | Lair:1   | Killed Sonja
 15643 | Lair:1   | HP: 2/52 [poisoned by Sonja]
 15874 | Lair:1   | Noticed a six-headed hydra
 16776 | Lair:1   | Reached skill level 10 in Dodging
 17153 | Lair:2   | Found a hole to the Spider Nest.
 17172 | Lair:2   | Gained mutation: You are partially covered in yellow
                  | scales. (AC +2) [potion of mutation]
 17585 | Lair:2   | Reached skill level 14 in Stealth
 17598 | Lair:2   | Reached ****** piety under Trog
 17721 | Lair:2   | Killed a six-headed hydra
 17800 | Lair:2   | Reached XP level 12. HP: 57/57 MP: 20/20
 18129 | Lair:2   | Found a runed door.
 18131 | Lair:2   | Noticed Tovarisch's ghost (journeyman VSAs)
 18380 | Lair:3   | Found a gate leading to a gauntlet.
 18389 | Gauntlet | Entered a Gauntlet
 18389 | Gauntlet | Found a transporter.
 18389 | Gauntlet | Found a transporter.
 18393 | Gauntlet | Found a transporter.
 18409 | Gauntlet | Found a transporter.
 18431 | Gauntlet | Found a transporter.
 18431 | Gauntlet | Found a transporter.
 18484 | Gauntlet | Noticed a tengu warrior
 18484 | Gauntlet | Found a transporter.
 18484 | Gauntlet | Found a transporter.
 18506 | Gauntlet | Noticed a ghost crab
 18507 | Gauntlet | Found a transporter.
 18511 | Gauntlet | Killed a ghost crab
 18517 | Gauntlet | Found a transporter.
 18537 | Gauntlet | Noticed a minotaur
 18680 | Gauntlet | Killed a minotaur
 18698 | Gauntlet | Found the +7 sceptre of Torment {pain, torment}
 18734 | Lair:3   | Noticed an eight-headed hydra
 18741 | Lair:3   | Killed an eight-headed hydra
 18840 | Lair:3   | Found a staircase to the Shoals.
 19070 | Lair:3   | Noticed a six-headed hydra
 19073 | Lair:3   | Killed a six-headed hydra
 19074 | Lair:3   | Reached skill level 15 in Stealth
 19074 | Lair:3   | Reached skill level 10 in Evocations
 19368 | Lair:3   | Noticed a six-headed hydra
 19372 | Lair:3   | Killed a six-headed hydra
 19405 | Lair:3   | Reached skill level 10 in Fighting
 19848 | Lair:4   | Reached XP level 13. HP: 61/61 MP: 21/21
 20520 | Lair:4   | Reached skill level 16 in Stealth
 22137 | Lair:5   | You fall through a shaft!
 22137 | Lair:6   | Entered Level 6 of the Lair of Beasts
 22852 | Lair:6   | Found a staircase to the Slime Pits.
 22930 | Lair:6   | Identified 2 scrolls of acquirement
 22932 | Lair:6   | Found the necklace of Bloodlust {*Rage +Rage MR++ Int-3
                  | Slay+6 *Curse}
 22935 | Lair:6   | Got a glittering sapphire amulet
 22937 | Lair:6   | Identified the amulet of Tieh Xick {+Rage rElec rC+} (You
                  | acquired it on level 6 of the Lair of Beasts)
 22966 | Lair:6   | Found an iron altar of Okawaru.
 23179 | Lair:6   | Found a blossoming altar of Fedhas.
 24817 | D:9      | Killed from afar by a fire dragon
 24818 | D:9      | Reached XP level 12. HP: -1/60 MP: 20/20
 24889 | D:9      | Killed from afar by a fire dragon
 24890 | D:9      | Reached XP level 11. HP: -25/57 MP: 19/19
 24961 | D:9      | Mangled by a fire dragon

Vault maps used:
D:1:      eino_arrival_water_cross, st_stairs_5, minmay_splitting_lines,
          hangedman_decor_diamond_cutter, minmay_octomino_c4
D:2:      lemuel_upstairs_altar, serial_bayou_lagoon_a,
          okawaru_altar_gauntlet_db
D:3:      minmay_roachtagon, lemuel_crystal_altar, marbit_many_paths,
          serial_glass, glass_columns_b, glass_columns_a, glass_columns_a,
          glass_columns_a, glass_columns_c, glass_columns_b, glass_columns_a,
          glass_columns_c, glass_columns_c, glass_columns_b, glass_columns_c,
          glass_columns_a, glass_columns_b, glass_columns_a,
          chequers_serial_rivers_large_a, kennysheep_generic_room_8
D:4:      first_ration, gammafunk_ghost_stat_death, kennysheep_generic_room_3
D:5:      chequers_temple_overflow_statue_of_worship,
          minmay_temple_entry_from_below_a, basic_altar, uniq_eustachio,
          uniq_menkaure, uniq_sigmund
D:7:      nicolae_overflow_crystal_walls, the_bakery
D:8:      lemuel_doored_altar, tso_metal_star, lightli_temple_of_fire,
          chequers_serial_rivers_micro_e
D:9:      gammafunk_temple_overflow_arena, basic_altar,
          minmay_guarded_unrand_resistance
D:10:     david_orc_3, wad_rectangle_vault
D:11:     david_lair_generic, eino_jars
D:12:     uniq_nessos
Lair:1:   minivault_27, beast_lair_carwin_1, uniq_sonja
Lair:2:   dummy_spider_entry, gammafunk_ghost_grave, lemuel_fruit_tree
Lair:3:   beast_lair_carwin_large_4, elwin_shoals_entry_rooms,
          gauntlet_entry_generic, pond
Lair:4:   beast_lair_carwin_9
Lair:5:   minmay_lair_oklob_items
Lair:6:   hangedman_lair_in_review, slime_dummy, basic_altar, tgw_fedhas
Gauntlet: minmay_gauntlet_77_indecision

Skill      XL: |  1  2  3  4  5  6  7  8  9 10 11 12 13 |
---------------+----------------------------------------+-----
Stealth        | 1 2 4 5 6 8 9 10 12 14 15 16 | 16.4
Unarmed Combat | 4 5 6 7 9 10 13 12 14 | 14.8
Dodging        | 5 6 7 8 10 11 | 11.6
Evocations     | 2 3 5 7 9 10 | 10.4
Fighting       | 4 5 6 9 10 11 | 11.6

Action                   |  1- 3 |  4- 6 |  7- 9 | 10-12 | 13-15 || total
-------------------------+-------+-------+-------+-------+-------++-------
Melee: Unarmed           |   102 |   169 |   226 |   765 |   284 ||  1546
       Bite              |     3 |    17 |    21 |    88 |    52 ||   181
       Punch             |     2 |     7 |     7 |    60 |    30 ||   106
Invok: Berserk           |     1 |     3 |     5 |    14 |     7 ||    30
       Trog's Hand       |       |     1 |     3 |    14 |     7 ||    25
       Brothers in Arms  |       |       |       |     1 |     6 ||     7
Evoke: Wand              |       |     3 |    22 |    21 |     9 ||    55
  Use: Scroll            |       |     5 |     2 |    23 |     8 ||    38
       Potion            |       |       |       |     9 |       ||     9
 Stab: Sleeping          |     9 |    13 |    22 |    71 |    15 ||   130
       Distracted        |       |       |     1 |     8 |     1 ||    10
       Paralysed         |       |       |     1 |       |       ||     1
       Invisible         |       |       |       |     2 |       ||     2
       Petrified         |       |       |       |       |     1 ||     1
  Eat: Chunk             |    10 |     9 |    16 |    47 |    18 ||   100
Armor: Skin              |     5 |     4 |     8 |   113 |    10 ||   140
Dodge: Dodged            |    86 |   174 |   194 |   589 |   319 ||  1362

Table legend:
 A = Non-vault XP
 B = Vault XP
 C = Vault XP percentage of total XP
 D = Non-vault monster count
 E = Vault monster count
 F = Vault count percentage of total count
                 A         B        C        D         E       F
            +---------+---------+-------+---------+---------+-------
      Total |   52208 |   21817 |  29.5 |     414 |     117 |  22.0
            +---------+---------+-------+---------+---------+-------
        D:1 |      44 |      17 |  27.9 |      25 |       9 |  26.5
        D:2 |      62 |      13 |  17.3 |      19 |       6 |  24.0
        D:3 |     102 |      19 |  15.7 |      25 |      10 |  28.6
        D:4 |     204 |      55 |  21.2 |       8 |       1 |  11.1
        D:5 |     820 |     577 |  41.3 |      30 |       3 |   9.1
        D:6 |     648 |       0 |   0.0 |      20 |       0 |   0.0
        D:7 |     943 |     220 |  18.9 |      21 |       1 |   4.5
        D:8 |    2551 |       0 |   0.0 |      24 |       0 |   0.0
        D:9 |    2246 |       0 |   0.0 |      40 |       0 |   0.0
       D:10 |    3867 |    1286 |  25.0 |      22 |      11 |  33.3
       D:11 |    7793 |    1331 |  14.6 |      46 |      13 |  22.0
       D:12 |    3836 |       0 |   0.0 |      16 |       0 |   0.0
     Lair:1 |    2335 |    1603 |  40.7 |      12 |       7 |  36.8
     Lair:2 |    5949 |       0 |   0.0 |      27 |       0 |   0.0
     Lair:3 |    5544 |    4468 |  44.6 |      19 |      23 |  54.8
     Lair:4 |    7581 |     980 |  11.4 |      32 |       4 |  11.1
     Lair:5 |    3509 |     542 |  13.4 |      16 |       1 |   5.9
     Lair:6 |    4174 |    7138 |  63.1 |      12 |      17 |  58.6
   Gauntlet |       0 |    3568 | 100.0 |       0 |      11 | 100.0
            +---------+---------+-------+---------+---------+-------
